 Dungeon Crawl Stone Soup version 0.18.1-50-g88ac8fd (webtiles) character file.

141 Drunkenshrew the Caller (level 5, -2/40 HPs)
             Began as a Draconian Wizard on Oct 6, 2016.
             Slain by an iguana (10 damage)
             ... on level 4 of the Dungeon.
             The game lasted 00:14:25 (2323 turns).

Drunkenshrew the Caller (Draconian Wizard)          Turns: 2323, Time: 00:14:25

Health: -2/40      AC:  5    Str:  9    XL:     5   Next: 3%
Magic:  0/10       EV: 12    Int: 19    God:
Gold:   116        SH:  0    Dex: 10    Spells: 2 memorised, 7 levels left

rFire  . . .     SeeInvis .     x - +0 quarterstaff
rCold  . . .     Gourm    .     (armour unavailable)
rNeg   . . .     Faith    .     (shield currently unavailable)
rPois  .         Spirit   .     a - +0 hat
rElec  .         Dismiss  .     (no cloak)
rCorr  +         Reflect  .     (no gloves)
SustAt .         Harm     .     (no boots)
MR     +....                    (no amulet)
Stlth  ++........               n - ring of protection from magic
                                h - ring of resist corrosion

@: somewhat resistant to hostile enchantments, unstealthy
A: unfitting armour, cold-blooded, AC +5
a: no special abilities


You were on level 4 of the Dungeon.
You were hungry.

You visited 1 branch of the dungeon, and saw 4 of its levels.

You collected 116 gold pieces.

Inventory:

Hand Weapons
 u - a +0 rapier
 x - a +0 quarterstaff (weapon)
Armour
 a - a +0 hat (worn)
Jewellery
 h - a ring of resist corrosion (left hand)
 n - a ring of protection from magic (right hand)
Scrolls
 e - 3 scrolls of immolation {unknown}
 f - 4 scrolls of identify {unknown}
 g - a scroll of noise {unknown}
 l - 2 scrolls of enchant armour {unknown}
 m - a scroll of amnesia {unknown}
 o - 3 scrolls of teleportation {unknown}
 t - a scroll of magic mapping {unknown}
 v - a scroll of enchant weapon {unknown}
 w - a scroll of remove curse {unknown}
 y - a scroll of fear {unknown}
Potions
 d - a potion of curing
 i - a potion of berserk rage {unknown}
 k - a potion of degeneration {unknown}
 r - a potion of resistance {unknown}
Books
 b - a book of Minor Magic

   Spells                             Type                      Level
   a - Magic Dart                     Conjuration                  1
   b - Blink                          Translocation                2
   c - Call Imp                       Summoning                    2
   d - Repel Missiles                 Charms/Air                   2
   e - Slow                           Hexes                        2
   f - Conjure Flame                  Conjuration/Fire             3
   g - Mephitic Cloud                 Conjuration/Poison/Air       3
Comestibles
 c - 2 bread rations
 j - 2 beef jerkies
 p - 5 fruits
 q - a royal jelly
 s - a meat ration


   Skills:
 - Level 1.0 Fighting
 - Level 2.0 Dodging
 - Level 2.1 Stealth
 + Level 3.3 Spellcasting
 - Level 1.0 Conjurations
 - Level 4.0 Summonings
   Level 1.0 Translocations


You had 7 spell levels left.
You knew the following spells:

 Your Spells              Type           Power        Failure   Level  Hunger
a - Magic Dart            Conj           #...         12%         1    None
b - Call Imp              Summ           ###.....     6%          2    ##.....


Dungeon Overview and Level Annotations

Branches:
Dungeon (4/15)
 Temple: D:4-7

Altars:
Pakellas


Innate Abilities, Weirdness & Mutations

Your plain brown scales are hard (AC +5).
Your body does not fit into most forms of armour.
You are cold-blooded and may be slowed by cold attacks.


Message History

The quokka bites you.
Your crimson imp blinks!
The iguana bites your iron imp!
The quokka bites you but does no damage.
Your iron imp hits the iguana.
You barely miss the iguana.
The iguana is severely wounded.
The quokka misses you. The iguana bites you!
Your crimson imp blinks!
Your iron imp barely misses the iguana.
The quokka barely misses you.
A kobold comes into view.
Casting: Call Imp
Confirm with . or Enter, or press ? or * to list all spells.
A beastly little devil appears in a puff of flame.
The iguana bites you!
* * * LOW HITPOINT WARNING * * *
The quokka bites you.
* * * LOW HITPOINT WARNING * * *
The iguana bites you!
You die...

.............KP
###### .............
#..(<# ..........K#
####.######
...........#
#.........##
........)..#
#......(...#
...........#
#..#.##.##.##
.........55#
#..#........#
.........rl#
#..#..##.#..#
##########@#
#..#...#.#..#♣
#.###..#####.#..#.
#............#....
###########.......
..............
##############.##....
#...............#....
#.###############.#.#
#.#...<.............#


You could see an iguana, a quokka, a kobold, a friendly iron imp and a friendly
crimson imp.

Vanquished Creatures
  An iguana (D:4)
  A gnoll (D:3)
  2 oozes
  A dart slug (D:3)
  A giant gecko (D:1)
  An orc (D:3)
  4 giant cockroaches
  6 goblins
  7 hobgoblins
  A jackal (D:3)
  7 kobolds
  7 bats
  3 giant newts
  3 rats
45 creatures vanquished.

Vanquished Creatures (collateral kills)
  2 gnolls (D:3)
  4 adders
  2 oozes (D:2)
  A worm (D:2)
  5 orcs (D:3)
  2 bats (D:3)
  A giant cockroach (D:3)
  A hobgoblin (D:2)
  3 jackals (D:3)
  A quokka (D:3)
  A goblin (D:2)
  A kobold (D:3)
24 creatures vanquished.

Vanquished Creatures (others)
  A crocodile (D:2)
1 creature vanquished.

Grand Total: 70 creatures vanquished

Notes
Turn   | Place    | Note
--------------------------------------------------------------
     0 | D:1      | Drunkenshrew the Draconian Wizard began the quest for the Orb.
     0 | D:1      | Reached XP level 1. HP: 14/14 MP: 4/4
   286 | D:1      | Reached XP level 2. HP: 22/22 MP: 3/6
   290 | D:1      | Learned a level 2 spell: Call Imp
   300 | D:1      | Reached skill level 1 in Fighting
   589 | D:1      | Reached skill level 2 in Summonings
   813 | D:2      | Reached XP level 3. HP: 28/28 MP: 5/7
  1083 | D:2      | Reached skill level 3 in Summonings
  1239 | D:2      | Found an oddly glowing altar of Pakellas.
  1239 | D:2      | Noticed an orange crystal statue
  1240 | D:2      | Noticed a crocodile
  1245 | D:2      | Killed a crocodile
  1334 | D:2      | Reached XP level 4. HP: 35/35 MP: 1/8
  1787 | D:3      | Reached skill level 4 in Summonings
  2288 | D:4      | Reached XP level 5. HP: 40/40 MP: 2/10
  2323 | D:4      | Slain by an iguana

Skill      XL: |  1  2  3  4 |
---------------+-------------+-----
Dodging        | 2 |  2.0
Stealth        | 2 |  2.1
Fighting       | 1 |  1.0
Summonings     | 2 3 4 |  4.0
Spellcasting   | |  3.3
Conjurations   | |  1.0
Translocations | |  1.0

Action                   |  1- 3 |  4- 6 || total
-------------------------+-------+-------++-------
Melee: Dagger            |   100 |    50 ||   150
       Unarmed           |     8 |       ||     8
       Tailslap          |     4 |     9 ||    13
       Rapier            |       |    29 ||    29
       Quarterstaff      |       |    22 ||    22
 Cast: Magic Dart        |    36 |     1 ||    37
       Call Imp          |     8 |    18 ||    26
  Use: Potion            |     1 |       ||     1
 Stab: Sleeping          |     1 |     1 ||     2
  Eat: Chunk             |     1 |     4 ||     5
Armor: Skin              |    53 |    55 ||   108
Dodge: Dodged            |    69 |    92 ||   161
